 Dungeon Crawl Stone Soup version 0.21.1-1-g345015f (webtiles) character file.

938 tidbits the Insei (level 8, 42/60 HPs)
             Began as a Gnoll Transmuter on Feb 19, 2018.
             Quit the game on level 6 of the Dungeon.
             The game lasted 00:15:03 (1576 turns).

tidbits the Insei (Gnoll Transmuter)                Turns: 1576, Time: 00:15:04

Health: 42/60      AC:  2    Str: 12    XL:     8   Next: 12%
Magic:  32/34      EV: 25    Int: 18    God:
Gold:   100        SH:  0    Dex: 21    Spells: 12/18 levels left

rFire    . . .     SeeInvis .     - Unarmed
rCold    . . .     Gourm    .   (shield currently unavailable)
rNeg     . . .     Faith    .   (armour currently unavailable)
rPois    x         Spirit   .   (helmet currently unavailable)
rElec    .         Reflect  .   (cloak currently unavailable)
rCorr    .         Harm     .   (gloves currently unavailable)
MR       .....                  (boots currently unavailable)
Stlth    +++.......             (no amulet)
HPRegen  0.20/turn              e - ring of magical power
MPRegen  0.24/turn              F - ring of magical power

@: spider-form (expiring)
A: tiny, distributed training, strong nose
a: End Transformation


You were on level 6 of the Dungeon.
You were not hungry.
You were a venomous arachnid creature.
You visited 1 branch of the dungeon, and saw 7 of its levels.

You collected 100 gold pieces.

Inventory:

Hand Weapons
 b - a +0 war axe
 h - a +2 dagger of pain
   (You took it off a kobold on level 1 of the Dungeon)
 m - a +1 flail of protection
   (You found it on level 2 of the Dungeon)
 p - a +1 dagger of holy wrath
   (You took it off Jessica on level 2 of the Dungeon)
 y - a +2 dagger of protection
   (You found it on level 4 of the Dungeon)
Missiles
 a - 79 arrows
 n - 3 tomahawks (quivered)
Armour
 l - a +2 shield
 B - a +0 robe (melded)
 C - a +0 cloak (melded)
 E - a +0 ring mail
 G - a +0 pair of gloves (melded)
Jewellery
 e - a ring of magical power (left front leg)
   (You found it on level 1 of the Dungeon)
 g - an uncursed ring of protection from fire
   (You found it on level 1 of the Dungeon)
 F - a ring of magical power (right front leg)
   (You found it on level 5 of the Dungeon)
Wands
 o - a wand of disintegration (12)
 q - a wand of scattershot (6)
Scrolls
 f - 3 scrolls of blinking
 j - a scroll of fear
 k - a scroll of teleportation
 w - 2 scrolls of remove curse
 x - 2 scrolls of noise
Potions
 i - a potion of degeneration {unknown}
 t - a potion of lignification
 v - a potion of heal wounds
 A - a potion of agility {unknown}
 D - a potion of invisibility {unknown}
Books
 d - a book of Changes

   Spells                             Type                      Level
   a - Beastly Appendage              Transmutation                1
   b - Sticks to Snakes               Transmutation                2
   c - Spider Form                    Transmutation/Poison         3
   d - Ice Form                       Ice/Transmutation            4
   e - Blade Hands                    Transmutation                5
Comestibles
 c - 5 rations


   Skills:
 + Level 3.9 Fighting
 + Level 2.9 Short Blades
 + Level 2.9 Long Blades
 + Level 2.9 Axes
 + Level 2.9 Maces & Flails
 + Level 2.9 Polearms
 + Level 2.9 Staves
 + Level 2.9 Slings
 + Level 2.9 Bows
 + Level 2.9 Crossbows
 + Level 2.9 Throwing
 + Level 2.9 Armour
 + Level 5.4 Dodging
 + Level 2.9 Stealth
 + Level 2.9 Shields
 + Level 7.2 Unarmed Combat
 + Level 5.8 Spellcasting
 + Level 2.3 Conjurations
 + Level 2.3 Hexes
 + Level 2.3 Charms
 + Level 2.3 Summonings
 + Level 2.3 Necromancy
 + Level 2.3 Translocations
 + Level 4.5 Transmutations
 + Level 2.3 Fire Magic
 + Level 2.3 Ice Magic
 + Level 2.3 Air Magic
 + Level 2.3 Earth Magic
 + Level 2.3 Poison Magic
 + Level 3.2 Invocations
 + Level 2.9 Evocations


You had 12 spell levels left.
You knew the following spells:

 Your Spells              Type           Power        Failure   Level  Hunger
e - Beastly Appendage     Tmut           ###...       8%          1    None
k - Sticks to Snakes      Tmut           ###.....     10%         2    None
p - Spider Form           Tmut/Pois      ###.......   22%         3    ##.....


Dungeon Overview and Level Annotations

Branches:
Dungeon (7/15)
 Temple: D:4-7

Altars:
Ru
Trog
Xom


Innate Abilities, Weirdness & Mutations

Your experience applies equally to all skills.
((You have very sharp teeth.))
Your uncanny sense of smell can sniff out nearby items.
((Your flesh is heat resistant. (rF+)))
((Your system is resistant to poisons. (rPois)))


Message History

Your +0 cloak unmelds from your body.
Your +0 pair of gloves unmelds from your body.
Your +0 robe unmelds from your body.
Found a glowing purple potion.
A hippogriff comes into view.
Casting: Spider Form
Confirm with . or Enter, or press ? or * to list all spells.
You create a snake!
You now have 80 arrows.
The hippogriff screeches!
Casting: Sticks to Snakes
Confirm with . or Enter, or press ? or * to list all spells.
You turn into a venomous arachnid creature.
Your +0 cloak melds into your body.
Your +0 pair of gloves melds into your body.
Your +0 robe melds into your body.
The hippogriff bites your adder. The hippogriff pecks your adder.
The hippogriff claws your adder.
Your adder barely misses the hippogriff.
You hit the hippogriff.
The hippogriff is lightly wounded.
Your adder bites the hippogriff.
The hippogriff barely misses you. The hippogriff closely misses you.
The hippogriff misses you.
Your adder bites the hippogriff.
You bite the hippogriff!
The hippogriff looks as sick as possible!
The hippogriff is heavily wounded.
Your adder bites the hippogriff but does no damage.
You bite the hippogriff!
The hippogriff is severely wounded.
The hippogriff barely misses you. The hippogriff completely misses you.
The hippogriff misses you.
Your adder barely misses the hippogriff.
You hit the hippogriff.
The hippogriff looks as sick as possible!
The hippogriff is almost dead.
The hippogriff misses you. The hippogriff barely misses you.
The hippogriff closely misses you.
Your adder barely misses the hippogriff.
You hit the hippogriff.
You kill the hippogriff!
Your Invocations skill increases to level 3!
You have reached level 8!
You feel agile.
Found 14 stones.
You see here a glowing purple potion.
i - a glowing purple potion Your transformation is almost over.
Found a scale mail.
You open the door.
Found a sacrificial altar of Ru.
Found a wooden wand.
You see here a scale mail.
Your adder withers and dies!
You see here a wand of disintegration (12).
o - a wand of disintegration (12)
You can't do that in your present form.
Your transformation has ended.
Your +0 cloak unmelds from your body.
Your +0 pair of gloves unmelds from your body.
Your +0 robe unmelds from your body.
There is a stone staircase leading down here.
You climb downwards.
There is a stone staircase leading up here.
Unknown command.
Unknown command.
You climb upwards.
There is a stone staircase leading down here.
Unknown command.
A scorpion comes into view.
Casting: Spider Form
Confirm with . or Enter, or press ? or * to list all spells.
You create a snake!
You now have 79 arrows.
Casting: Sticks to Snakes
Confirm with . or Enter, or press ? or * to list all spells.
You miscast Spider Form.
You are very lightly contaminated with residual magic.
Your hands glow momentarily.
Casting: Spider Form
Confirm with . or Enter, or press ? or * to list all spells.
You turn into a venomous arachnid creature.
Your +0 cloak melds into your body.
Your +0 pair of gloves melds into your body.
Your +0 robe melds into your body.
Your ball python bites the scorpion.
Your ball python grabs the scorpion.
Your ball python constricts the scorpion.
The scorpion misses you.
You bite the scorpion!
The scorpion is poisoned.
The scorpion is heavily wounded.
Your ball python bites the scorpion but does no damage.
Your ball python constricts the scorpion.
You bite the scorpion!
You kill the scorpion!
Your transformation is almost over.
As you read the scroll of teleportation, it crumbles to dust.
You feel strangely unstable.
Unknown command.
Your magical contamination has completely faded away.
Unknown command.
Your surroundings suddenly seem different.
Are you sure you want to abandon this character and quit the game? (Confirm with "yes".)

.....# #######.....,,* *,*
.....# #.....#..#,,,,* *,*
.....# #.##.....#+##** *,*
...'########.##..##....#
*,**
###'###.......)...+....#
*,,,
......#.####.##.#.#....###
*,,,
......'...........+...>..#
#.**
......#.###########......#
#.*
......#.#.......s.+......#
#.##
......#.#.#......##......#
#...
..#+###..........##...##.##
*#.#
..#.#####.#......##...##..#
#..
..'.....#.#...........##..#
#..
..#..##.*,#..<........###.##
##.. .)#,.#*,#.#...........#
#..# #..#
#)#*,**,#.#.........### ##.#
#..# #†#*,#*,#.#.........#
#.###..#


There were no monsters in sight!

Vanquished Creatures
  A hippogriff (D:6)
  A sky beast (D:6)
  An orc warrior (D:6)
  3 ogres
  A scorpion (D:6)
  A howler monkey (D:5)
  A centaur zombie (D:5)
  Jessica (D:2)
  Ijyb (D:3)
  A hound skeleton (D:6)
  A worker ant zombie (D:7)
  2 adders
  3 gnolls (D:4)
  A shadow imp (D:6)
  An adder skeleton (D:4)
  4 worms
  4 leopard geckos
  8 orcs
  A ball python (D:2)
  4 giant cockroaches
  2 goblins
  4 hobgoblins
  11 jackals
  3 kobolds
  3 quokkas
  5 bats
  4 frilled lizards
  6 rats
79 creatures vanquished.

Vanquished Creatures (collateral kills)
  An adder (D:2)
  A bat (D:2)
2 creatures vanquished.

Grand Total: 81 creatures vanquished

Notes
Turn   | Place    | Note
-------+----------+-------------------------------------------
     0 | D:1      | tidbits the Gnoll Transmuter began the quest for the Orb.
     0 | D:1      | Reached XP level 1. HP: 17/17 MP: 6/6
    45 | D:1      | Reached XP level 2. HP: 16/23 MP: 5/7
    49 | D:1      | Learned a level 2 spell: Sticks to Snakes
   158 | D:2      | Reached skill level 5 in Spellcasting
   158 | D:2      | Reached XP level 3. HP: 17/28 MP: 9/9
   163 | D:2      | Learned a level 3 spell: Spider Form
   285 | D:2      | Reached skill level 1 in Invocations
   306 | D:3      | Found a shimmering altar of Xom.
   405 | D:2      | Noticed Jessica
   414 | D:2      | Killed Jessica
   414 | D:2      | Reached skill level 1 in Short Blades
   414 | D:2      | Reached skill level 1 in Long Blades
   414 | D:2      | Reached skill level 1 in Axes
   414 | D:2      | Reached skill level 1 in Maces & Flails
   414 | D:2      | Reached skill level 1 in Polearms
   414 | D:2      | Reached skill level 1 in Staves
   414 | D:2      | Reached skill level 1 in Slings
   414 | D:2      | Reached skill level 1 in Bows
   414 | D:2      | Reached skill level 1 in Crossbows
   414 | D:2      | Reached skill level 1 in Throwing
   414 | D:2      | Reached skill level 1 in Armour
   414 | D:2      | Reached skill level 1 in Stealth
   414 | D:2      | Reached skill level 1 in Shields
   414 | D:2      | Reached skill level 1 in Evocations
   414 | D:2      | Reached XP level 4. HP: 34/34 MP: 11/11
   518 | D:3      | Reached skill level 1 in Conjurations
   518 | D:3      | Reached skill level 1 in Hexes
   518 | D:3      | Reached skill level 1 in Charms
   518 | D:3      | Reached skill level 1 in Summonings
   518 | D:3      | Reached skill level 1 in Necromancy
   518 | D:3      | Reached skill level 1 in Translocations
   518 | D:3      | Reached skill level 1 in Fire Magic
   518 | D:3      | Reached skill level 1 in Ice Magic
   518 | D:3      | Reached skill level 1 in Air Magic
   518 | D:3      | Reached skill level 1 in Earth Magic
   518 | D:3      | Reached skill level 1 in Poison Magic
   549 | D:3      | Found a bloodstained altar of Trog.
   557 | D:3      | Noticed Ijyb
   570 | D:3      | Killed Ijyb
   570 | D:3      | Reached XP level 5. HP: 37/40 MP: 12/12
   733 | D:4      | Reached skill level 3 in Fighting
   817 | D:4      | Noticed an ogre
   828 | D:4      | Killed an ogre
   828 | D:4      | Reached skill level 4 in Transmutations
   828 | D:4      | Reached skill level 2 in Invocations
   828 | D:4      | Reached XP level 6. HP: 47/47 MP: 13/13
   971 | D:5      | Entered Level 5 of the Dungeon
  1136 | D:5      | Reached skill level 2 in Short Blades
  1136 | D:5      | Reached skill level 2 in Long Blades
  1136 | D:5      | Reached skill level 2 in Axes
  1136 | D:5      | Reached skill level 2 in Maces & Flails
  1136 | D:5      | Reached skill level 2 in Polearms
  1136 | D:5      | Reached skill level 2 in Staves
  1136 | D:5      | Reached skill level 2 in Slings
  1136 | D:5      | Reached skill level 2 in Bows
  1136 | D:5      | Reached skill level 2 in Crossbows
  1136 | D:5      | Reached skill level 2 in Throwing
  1136 | D:5      | Reached skill level 2 in Armour
  1136 | D:5      | Reached skill level 5 in Dodging
  1136 | D:5      | Reached skill level 2 in Stealth
  1136 | D:5      | Reached skill level 2 in Shields
  1136 | D:5      | Reached skill level 2 in Evocations
  1309 | D:6      | Noticed a sky beast
  1310 | D:6      | Reached XP level 7. HP: 51/52 MP: 15/15
  1318 | D:6      | Reached skill level 7 in Unarmed Combat
  1364 | D:6      | Reached skill level 2 in Conjurations
  1364 | D:6      | Reached skill level 2 in Hexes
  1364 | D:6      | Reached skill level 2 in Charms
  1364 | D:6      | Reached skill level 2 in Summonings
  1364 | D:6      | Reached skill level 2 in Necromancy
  1364 | D:6      | Reached skill level 2 in Translocations
  1364 | D:6      | Reached skill level 2 in Fire Magic
  1364 | D:6      | Reached skill level 2 in Ice Magic
  1364 | D:6      | Reached skill level 2 in Air Magic
  1364 | D:6      | Reached skill level 2 in Earth Magic
  1364 | D:6      | Reached skill level 2 in Poison Magic
  1365 | D:6      | Gained mutation: Your system is resistant to poisons. (rPois) [potion of mutation]
  1365 | D:6      | Gained mutation: Your flesh is heat resistant. (rF+) [potion of mutation]
  1375 | D:6      | HP: 5/52 [orc/flail (12)]
  1496 | D:6      | Noticed a hippogriff
  1505 | D:6      | Killed a hippogriff
  1505 | D:6      | Reached skill level 3 in Invocations
  1505 | D:6      | Reached XP level 8. HP: 28/60 MP: 16/16
  1510 | D:6      | Found a sacrificial altar of Ru.
  1576 | D:6      | Quit the game

Skill      XL: |  1  2  3  4  5  6  7 |
---------------+----------------------+-----
Spellcasting   | 5 |  5.8
Invocations    | 1 2 3 |  3.2
Short Blades   | 1 2 |  2.9
Long Blades    | 1 2 |  2.9
Axes           | 1 2 |  2.9
Maces & Flails | 1 2 |  2.9
Polearms       | 1 2 |  2.9
Staves         | 1 2 |  2.9
Slings         | 1 2 |  2.9
Bows           | 1 2 |  2.9
Crossbows      | 1 2 |  2.9
Throwing       | 1 2 |  2.9
Armour         | 1 2 |  2.9
Stealth        | 1 2 |  2.9
Shields        | 1 2 |  2.9
Evocations     | 1 2 |  2.9
Conjurations   | 1 2 |  2.3
Hexes          | 1 2 |  2.3
Charms         | 1 2 |  2.3
Summonings     | 1 2 |  2.3
Necromancy     | 1 2 |  2.3
Translocations | 1 2 |  2.3
Fire Magic     | 1 2 |  2.3
Ice Magic      | 1 2 |  2.3
Air Magic      | 1 2 |  2.3
Earth Magic    | 1 2 |  2.3
Poison Magic   | 1 2 |  2.3
Fighting       | 3 |  3.9
Transmutations | 4 |  4.5
Dodging        | 5 |  5.4
Unarmed Combat | 7 |  7.2

Action                   |  1- 3 |  4- 6 |  7- 9 || total
-------------------------+-------+-------+-------++-------
Melee: Unarmed           |    74 |   105 |    53 ||   232
       Kick              |    10 |       |       ||    10
       Bite              |     3 |     1 |       ||     4
       Punch             |       |     2 |       ||     2
 Cast: Beastly Appendage |    11 |       |       ||    11
       Sticks to Snakes  |     2 |     6 |     4 ||    12
       Spider Form       |     4 |    14 |     5 ||    23
  Use: Potion            |     1 |     2 |     4 ||     7
       Scroll            |       |     7 |     1 ||     8
 Stab: Sleeping          |     1 |     1 |       ||     2
  Eat: Ration            |     1 |     1 |       ||     2
Armor: Robe              |     9 |     4 |       ||    13
       Skin              |     1 |     4 |       ||     5
Dodge: Dodged            |    33 |    75 |    42 ||   150

Table legend:
 A = Turns spent in this place as a percentage of turns spent in the entire game.
 B = Non-inter-level travel turns spent in this place as a percentage of non-inter-level travel turns spent in the entire game.
 C = Inter-level travel turns spent in this place as a percentage of turns spent in this place.
 D = Turns resting spent in this place as a percentage of non-inter-level travel turns spent in this place.
 E = Turns spent auto-exploring this place as a percentage of non-inter-level travel turns spent in this place.
 F = Non-inter-level travel turns spent in this place divided by the number of levels of this place that you've seen.
                   A       B       C       D       E      F
               +-------+-------+-------+-------+-------+----------------------
         Total | 100.0 | 100.0 |   0.0 |   0.0 |   0.0 | 225.1
       Dungeon | 100.0 | 100.0 |   0.0 |   0.0 |   0.0 | 225.1
               +-------+-------+-------+-------+-------+----------------------

Table legend:
 A = Kills in this place as a percentage of kills in entire the game.
 B = Kills by you in this place as a percentage of kills by you in the entire game.
 C = Kills by friends in this place as a percentage of kills by friends in the entire game.
 D = Other kills in this place as a percentage of other kills in the entire game.
 E = Experience gained in this place as a percentage of experience gained in the entire game.
 F = Experience gained in this place divided by the number of levels of this place that you have seen.
                   A       B       C       D       E      F
               +-------+-------+-------+-------+-------+----------------------
         Total | 100.0 | 100.0 | 100.0 |   N/A | 100.0 | 191.4
       Dungeon | 100.0 | 100.0 | 100.0 |   N/A | 100.0 | 191.4
               +-------+-------+-------+-------+-------+----------------------

Vault maps used:
D:1:      kennysheep_arrival_forest
D:2:      uniq_jessica
D:3:      lemuel_crystal_altar, xom_teletrap_fun, uniq_ijyb, uniq_grinder
D:4:      first_ration
D:5:      minmay_temple_entry_mist
D:6:      minmay_opposing_rooms, kennysheep_mini_moat
D:7:      lemuel_upstairs_altar, nicolae_overflow_hidden_temple,
          nicolae_overflow_crystal_walls, basic_altar
